[Event "28th Hit Open-A 2024"]
[Site "Nova Gorica"]
[Date "2024.01.30"]
[Round "6.40"]
[White "Bajec, Borut"]
[Black "Gratton, Damjan"]
[Result "1/2-1/2"]
[ECO "E61"]
[WhiteElo "1703"]
[BlackElo "1691"]
[Annotator "NA RC"]
[PlyCount "114"]
[EventDate "2024.01.22"]
[EventType "swiss"]
[EventCountry "SLO"]
[SourceTitle "playchess.com"]
[Source "ChessBase"]
[SourceQuality "1"]
[TimeControl "5400+30"]

1. d4 d6 2. Nf3 Nf6 3. c4 g6 4. e3 Bg7 5. Bd3 O-O 6. O-O Nbd7 7. Nc3 c6 8. b3 Qa5 9. Bd2 Qc7 10. Rc1 e5 11. e4 exd4 12. Nxd4 Nc5 13. Bb1 Ncxe4 14. Bf4 Nxc3 15. Rxc3 Nh5 16. Be3 a6 17. Rd3 c5 18. Nf3 Rd8 19. Ng5 Bf5 20. Rd2 Bxb1 21. Qxb1 Rd7 22. Rfd1 Rad8 23. Ne4 f5 24. Ng5 Re8 25. Qd3 Qc6 26. Re2 h6 27. Nf3 Kf7 28. Nh4 Qe4 29. Qxe4 Rxe4 30. g3 Nf6 31. Kf1 Bf8 32. Red2 Re8 33. Rd3 Red8 34. h3 d5 35. Nf3 Ke6 36. Re1 Ne4 37. cxd5+ Rxd5 38. Rxd5 Rxd5 39. Nh4 Kf6 40. Kg2 b5 41. Rc1 g5 42. Nf3 Rd8 43. Ng1 Rd5 44. f3 Rd3 45. fxe4 Rxe3 46. exf5 h5 47. g4 hxg4 48. hxg4 Bd6 49. Rd1 Be5 50. Nf3 Re2+ 51. Kf1 Rxa2 52. Re1 Ra1 53. Nxe5 Rxe1+ 54. Kxe1 Kxe5 55. Kd2 a5 56. Kc2 Kd5 57. Kb2 Ke5 1/2-1/2

[Event "28th Hit Open-A 2024"]
[Site "Nova Gorica"]
[Date "2024.01.30"]
[Round "6.41"]
[White "Mulec, Dejan"]
[Black "Vodnik, Val"]
[Result "0-1"]
[ECO "D00"]
[WhiteElo "1577"]
[BlackElo "1661"]
[Annotator "NA RC"]
[PlyCount "60"]
[EventDate "2024.01.22"]
[EventType "swiss"]
[EventCountry "SLO"]
[SourceTitle "playchess.com"]
[Source "ChessBase"]
[SourceQuality "1"]
[TimeControl "5400+30"]

1. d4 Nf6 2. Nc3 e6 3. Bf4 d5 4. e3 Bb4 5. Bd3 c5 6. Nf3 c4 7. Be2 Ne4 8. O-O Nxc3 9. bxc3 Bxc3 10. Rb1 Nc6 11. Ne5 Nxe5 12. Bxe5 O-O 13. f3 a6 14. Qc1 f6 15. Qa3 Qa5 16. Bd6 Qxa3 17. Bxa3 Re8 18. Bc5 b5 19. a4 Bd7 20. e4 Bc6 21. exd5 exd5 22. Kf2 Reb8 23. axb5 axb5 24. f4 Ra2 25. Bd1 b4 26. Kg3 Ba4 27. Rf3 Bxc2 28. Bxc2 Rxc2 29. Re3 b3 30. Kg4 b2 0-1

[Event "28th Hit Open-A 2024"]
[Site "Nova Gorica"]
[Date "2024.01.31"]
[Round "7.1"]
[White "Berkes, Ferenc"]
[Black "Ceres, Dragos"]
[Result "1/2-1/2"]
[ECO "D30"]
[WhiteElo "2613"]
[BlackElo "2438"]
[Annotator "RC"]
[PlyCount "45"]
[EventDate "2024.01.22"]
[EventType "swiss"]
[EventCountry "SLO"]
[SourceTitle "playchess.com"]
[Source "ChessBase"]
[SourceQuality "1"]
[TimeControl "5400+30"]

1. d4 d5 2. c4 e6 3. Nf3 c5 4. cxd5 exd5 5. e3 Nf6 6. Bb5+ Nbd7 7. dxc5 Bxc5 8. O-O O-O 9. Nc3 Nb6 10. b3 Ne4 11. Bb2 Bg4 12. Nxe4 dxe4 13. Qxd8 Rfxd8 14. Ne5 a6 15. Bc6 bxc6 16. Nxg4 f6 17. Rfc1 Rd5 18. h3 a5 19. Nh2 a4 20. Nf1 Nd7 21. Ng3 f5 22. Kf1 Rb8 23. Ne2 1/2-1/2

[Event "28th Hit Open-A 2024"]
[Site "Nova Gorica"]
[Date "2024.01.31"]
[Round "7.2"]
[White "Basso, Pier Luigi"]
[Black "Karacsonyi, Gellert"]
[Result "1-0"]
[ECO "D37"]
[WhiteElo "2482"]
[BlackElo "2398"]
[Annotator "RC"]
[PlyCount "119"]
[EventDate "2024.01.22"]
[EventType "swiss"]
[EventCountry "SLO"]
[SourceTitle "playchess.com"]
[Source "ChessBase"]
[SourceQuality "1"]
[TimeControl "5400+30"]

1. d4 d5 2. c4 e6 3. Nf3 Nf6 4. Nc3 a6 5. cxd5 exd5 6. Bg5 Be6 7. e3 Nbd7 8. Bd3 c6 9. Qb3 Qc8 10. O-O Bd6 11. Bf4 Bxf4 12. exf4 Ne4 13. Qc2 f5 14. Ng5 Nxg5 15. fxg5 O-O 16. Rfe1 Nb6 17. Ne2 Bd7 18. Nf4 Qc7 19. Re5 Rae8 20. Nxd5 Nxd5 21. Rxd5 g6 22. Qc3 Be6 23. Re5 Bf7 24. Rae1 Qd7 25. Bc4 Rxe5 26. dxe5 Bxc4 27. Qxc4+ Qd5 28. Qxd5+ cxd5 29. e6 Re8 30. f4 Re7 31. Kf2 Kf8 32. Re5 Rc7 33. Rxd5 Rc2+ 34. Kf3 Rxb2 35. Rd7 Rxa2 36. Rxb7 Ra3+ 37. Kf2 Ra2+ 38. Ke3 Ra4 39. Rxh7 Re4+ 40. Kf3 Rxe6 41. Ra7 Rb6 42. h3 Rb3+ 43. Kf2 Rb2+ 44. Kg3 Rb3+ 45. Kh4 Ra3 46. g4 Ra4 47. Kg3 Ra3+ 48. Kf2 fxg4 49. hxg4 Kg8 50. Rc7 Kf8 51. Rd7 Kg8 52. Re7 Kf8 53. Re3 Ra5 54. Kf3 Kf7 55. Rc3 Ra1 56. Rc7+ Kf8 57. f5 Rf1+ 58. Ke4 Re1+ 59. Kf4 a5 60. Ra7 1-0

[Event "28th Hit Open-A 2024"]
[Site "Nova Gorica"]
[Date "2024.01.31"]
[Round "7.3"]
[White "Kulkarni Bhakti"]
[Black "Csonka, Balazs"]
[Result "1/2-1/2"]
[ECO "A14"]
[WhiteElo "2364"]
[BlackElo "2479"]
[Annotator "RC"]
[PlyCount "40"]
[EventDate "2024.01.22"]
[EventType "swiss"]
[EventCountry "SLO"]
[SourceTitle "playchess.com"]
[Source "ChessBase"]
[SourceQuality "1"]
[TimeControl "5400+30"]

1. Nf3 d5 2. g3 Nf6 3. Bg2 e6 4. O-O Be7 5. c4 O-O 6. b3 d4 7. e3 c5 8. exd4 cxd4 9. Ne5 Qc7 10. Re1 Nc6 11. Nxc6 bxc6 12. Ba3 Re8 13. Bxe7 Rxe7 14. d3 Rb8 15. Nd2 c5 16. f4 e5 17. fxe5 Rxe5 18. Rxe5 Qxe5 19. Qe1 Qc7 20. Ne4 Nxe4 1/2-1/2

[Event "28th Hit Open-A 2024"]
[Site "Nova Gorica"]
[Date "2024.01.31"]
[Round "7.4"]
[White "Stevanic, David"]
[Black "Sebenik, Matej"]
[Result "0-1"]
[ECO "C10"]
[WhiteElo "2294"]
[BlackElo "2536"]
[Annotator "RC"]
[PlyCount "120"]
[EventDate "2024.01.22"]
[EventType "swiss"]
[EventCountry "SLO"]
[SourceTitle "playchess.com"]
[Source "ChessBase"]
[SourceQuality "1"]
[TimeControl "5400+30"]

1. e4 e6 2. d4 d5 3. Nc3 Nf6 4. Bg5 dxe4 5. Nxe4 Nbd7 6. Nf3 h6 7. Nxf6+ Nxf6 8. Bf4 Bd6 9. Bg3 O-O 10. Be2 c5 11. O-O Bxg3 12. hxg3 Qb6 13. b3 Rd8 14. dxc5 Qc7 15. Qc1 Qxc5 16. Rd1 Bd7 17. Qb2 Bc6 18. b4 Qb6 19. c4 a5 20. a3 axb4 21. axb4 Rxa1 22. Rxa1 Ne4 23. Bf1 Rd2 24. Nxd2 Qxf2+ 25. Kh2 Qxg3+ 26. Kg1 Qf2+ 27. Kh2 Nxd2 28. Kh1 Qf4 29. Kg1 Qe3+ 30. Kh2 f5 31. b5 Be4 32. Rd1 Nxf1+ 33. Rxf1 Qd3 34. Rc1 f4 35. c5 Qg3+ 36. Kg1 Qe3+ 37. Kh2 f3 38. c6 bxc6 39. bxc6 fxg2 40. c7 g1=Q+ 41. Rxg1 Qf4+ 42. Rg3 Qxc7 43. Qc3 Qxc3 44. Rxc3 Kf7 45. Kg3 g5 46. Rc4 Bf5 47. Rc7+ Kf6 48. Rc8 h5 49. Rh8 h4+ 50. Kf3 Ke5 51. Ke3 Kf6 52. Kf3 g4+ 53. Ke3 Kg5 54. Rg8+ Bg6 55. Ra8 h3 56. Rh8 e5 57. Kf2 Kf4 58. Kg1 Kg3 59. Rh6 Be4 60. Rh5 Bf3 0-1

[Event "28th Hit Open-A 2024"]
[Site "Nova Gorica"]
[Date "2024.01.31"]
[Round "7.5"]
[White "Bodrogi, Bendeguz"]
[Black "Beliavsky, Alexander G"]
[Result "1/2-1/2"]
[ECO "A87"]
[WhiteElo "2261"]
[BlackElo "2475"]
[Annotator "RC"]
[PlyCount "36"]
[EventDate "2024.01.22"]
[EventType "swiss"]
[EventCountry "SLO"]
[SourceTitle "playchess.com"]
[Source "ChessBase"]
[SourceQuality "1"]
[TimeControl "5400+30"]

1. Nf3 f5 2. g3 Nf6 3. Bg2 g6 4. O-O Bg7 5. c4 d6 6. d4 O-O 7. Nc3 Qe8 8. d5 Na6 9. Nd4 Bd7 10. e4 fxe4 11. Nxe4 Nxe4 12. Bxe4 Nc5 13. Bg2 a5 14. Be3 Qc8 15. Qd2 Bh3 16. Bh6 Bxh6 17. Qxh6 Bxg2 18. Kxg2 e5 1/2-1/2

[Event "28th Hit Open-A 2024"]
[Site "Nova Gorica"]
[Date "2024.01.31"]
[Round "7.6"]
[White "Skrbec, Leon"]
[Black "Doric, Darko"]
[Result "1/2-1/2"]
[ECO "B13"]
[WhiteElo "2218"]
[BlackElo "2456"]
[Annotator "RC"]
[PlyCount "113"]
[EventDate "2024.01.22"]
[EventType "swiss"]
[EventCountry "SLO"]
[SourceTitle "playchess.com"]
[Source "ChessBase"]
[SourceQuality "1"]
[TimeControl "5400+30"]

1. e4 c6 2. d4 d5 3. exd5 cxd5 4. Bd3 Nf6 5. c3 Bg4 6. Qb3 Qc7 7. Ne2 Bxe2 8. Bxe2 Nc6 9. O-O e6 10. Bf4 Bd6 11. Bxd6 Qxd6 12. Nd2 O-O 13. a4 Qc7 14. f4 g6 15. Bd3 Ne7 16. Qd1 Nf5 17. Qf3 Nd6 18. a5 Rac8 19. h3 b6 20. axb6 axb6 21. Rac1 Ra8 22. c4 dxc4 23. Nxc4 Nxc4 24. Bxc4 Qd6 25. Rfd1 Rac8 26. Kh2 Rfd8 27. Rc3 Qb4 28. Ba6 Rb8 29. Rb3 Qd6 30. Bb5 h5 31. Bc6 h4 32. Rb5 Kg7 33. Re5 Rbc8 34. Bb7 Rc7 35. Ba6 Qb4 36. Rb5 Qa4 37. Rxb6 Nd5 38. Qe2 Qc2 39. Qxc2 Rxc2 40. Rb3 Nxf4 41. Bf1 e5 42. Rb4 g5 43. b3 e4 44. Re1 f5 45. Rb7+ Kf6 46. Rb6+ Ke7 47. Ra1 Rxd4 48. Rh6 Rcd2 49. Raa6 Rd7 50. Rh7+ Kd8 51. Ra8+ Kc7 52. Ra7+ Kc8 53. Ba6+ Kd8 54. Rh8+ Ke7 55. Rh7+ Kd8 56. Rh8+ Ke7 57. Rh7+ 1/2-1/2

[Event "28th Hit Open-A 2024"]
[Site "Nova Gorica"]
[Date "2024.01.31"]
[Round "7.7"]
[White "Gaal, Zsoka"]
[Black "Furlan, Miha"]
[Result "1-0"]
[ECO "A88"]
[WhiteElo "2341"]
[BlackElo "2287"]
[Annotator "RC"]
[PlyCount "99"]
[EventDate "2024.01.22"]
[EventType "swiss"]
[EventCountry "SLO"]
[SourceTitle "playchess.com"]
[Source "ChessBase"]
[SourceQuality "1"]
[TimeControl "5400+30"]

1. d4 f5 2. Nf3 Nf6 3. g3 g6 4. Bg2 Bg7 5. c4 d6 6. O-O O-O 7. Nc3 c6 8. b3 Qa5 9. Bb2 e5 10. dxe5 dxe5 11. e4 f4 12. Qc2 Nh5 13. Ne2 Na6 14. a3 h6 15. b4 Qc7 16. h3 fxg3 17. fxg3 Be6 18. Nh4 Kh7 19. g4 Nf6 20. Ng3 Ng8 21. c5 Rxf1+ 22. Rxf1 Rf8 23. Nhf5 Nb8 24. Nxg7 Rxf1+ 25. Nxf1 Qxg7 26. Nd2 Nd7 27. Nf3 g5 28. Qd2 Qe7 29. Nxe5 Nxe5 30. Bxe5 Qd7 31. Qd6 Ne7 32. Bf6 Ng8 33. Bd4 Ne7 34. Bf1 Ng6 35. Bc4 Qxd6 36. cxd6 Bd7 37. Bxa7 b5 38. Bb3 Nf4 39. Kh2 Ne6 40. Be3 Kg6 41. Bd2 Nd4 42. Bd1 Ne6 43. Kg3 Nd4 44. Be3 Ne6 45. e5 Kg7 46. h4 Kg6 47. Bc2+ Kg7 48. Bf5 Kf7 49. hxg5 hxg5 50. Bxg5 1-0

[Event "28th Hit Open-A 2024"]
[Site "Nova Gorica"]
[Date "2024.01.31"]
[Round "7.8"]
[White "Ashwath, R.."]
[Black "Goroshkov, Maksym"]
[Result "1/2-1/2"]
[ECO "A11"]
[WhiteElo "2284"]
[BlackElo "2338"]
[Annotator "RC"]
[PlyCount "36"]
[EventDate "2024.01.22"]
[EventType "swiss"]
[EventCountry "SLO"]
[SourceTitle "playchess.com"]
[Source "ChessBase"]
[SourceQuality "1"]
[TimeControl "5400+30"]

1. Nf3 d5 2. g3 Nf6 3. Bg2 c6 4. O-O g6 5. b3 Bg7 6. Bb2 O-O 7. c4 Bg4 8. d3 Nbd7 9. cxd5 Bxf3 10. Bxf3 cxd5 11. Nc3 e6 12. Rc1 Qa5 13. a3 Rfc8 14. b4 Qd8 15. Qb3 Bh6 16. Rb1 Qb6 17. e4 dxe4 18. dxe4 Bg7 1/2-1/2

[Event "28th Hit Open-A 2024"]
[Site "Nova Gorica"]
[Date "2024.01.31"]
[Round "7.9"]
[White "Fercec, Nenad"]
[Black "Plaskan, Jure"]
[Result "1-0"]
[ECO "B43"]
[WhiteElo "2410"]
[BlackElo "2262"]
[Annotator "RC"]
[PlyCount "161"]
[EventDate "2024.01.22"]
[EventType "swiss"]
[EventCountry "SLO"]
[SourceTitle "playchess.com"]
[Source "ChessBase"]
[SourceQuality "1"]
[TimeControl "5400+30"]

1. e4 c5 2. Nf3 e6 3. d4 cxd4 4. Nxd4 a6 5. Nc3 b5 6. Bd3 Bb7 7. O-O Nc6 8. Nxc6 Bxc6 9. Qe2 Ne7 10. a4 b4 11. Nb1 Ng6 12. Bxa6 Bd6 13. Bd3 Qb8 14. f4 Nxf4 15. Qf3 Ng6 16. Qxf7+ Kd8 17. Bg5+ Kc8 18. Nd2 Bxh2+ 19. Kh1 Ra5 20. Bb5 Bxb5 21. axb5 Rxa1 22. Rxa1 Rf8 23. Qxg7 Be5 24. Qh6 Bxb2 25. Rb1 Qg3 26. Be3 Be5 27. Qh3 Qxh3+ 28. gxh3 Bc3 29. Nc4 Rf3 30. Kg2 Nh4+ 31. Kh2 d5 32. exd5 exd5 33. Nb6+ Kb7 34. Nxd5 Be5+ 35. Kg1 Bd6 36. Bf2 Rxh3 37. Ra1 Bh2+ 38. Kf1 Bb8 39. Ra6 b3 40. cxb3 Nf5 41. Rb6+ Kc8 42. Rf6 Nd6 43. Nb6+ Kb7 44. Nc4 Rd3 45. Bc5 Ne4 46. Rf7+ Kc8 47. b4 Nd2+ 48. Nxd2 Rxd2 49. Rxh7 Rd7 50. Rh5 Kb7 51. Ke2 Ba7 52. Ke3 Bb6 53. Ke4 Bc7 54. Rh6 Bb8 55. Re6 Bc7 56. Ra6 Bb8 57. Bd4 Rd6 58. Ra2 Rd7 59. Bc5 Rd1 60. Ra6 Rd7 61. Ke3 Rd5 62. Rg6 Rd7 63. Ke4 Bc7 64. Ra6 Bb8 65. Rg6 Bc7 66. Kf5 Rd1 67. Rg7 Rf1+ 68. Ke4 Re1+ 69. Kd3 Kb8 70. b6 Bh2 71. Kc4 Re8 72. Kb5 Rh8 73. Ka6 Be5 74. Rg6 Kc8 75. Re6 Bf4 76. Re7 Rh6 77. Ka7 Rh1 78. b7+ Kd8 79. b8=Q+ Bxb8+ 80. Kxb8 Rb1 81. Rh7 1-0

[Event "28th Hit Open-A 2024"]
[Site "Nova Gorica"]
[Date "2024.01.31"]
[Round "7.10"]
[White "Ceschia, Ivano"]
[Black "Cvitan, Ognjen"]
[Result "0-1"]
[ECO "B50"]
[WhiteElo "2183"]
[BlackElo "2422"]
[Annotator "RC"]
[PlyCount "66"]
[EventDate "2024.01.22"]
[EventType "swiss"]
[EventCountry "SLO"]
[SourceTitle "playchess.com"]
[Source "ChessBase"]
[SourceQuality "1"]
[TimeControl "5400+30"]

1. e4 c5 2. Nf3 d6 3. c3 Nf6 4. Be2 g6 5. O-O Bg7 6. Re1 O-O 7. Bf1 Nc6 8. h3 e5 9. d3 d5 10. Nbd2 Re8 11. g3 h6 12. Bg2 Be6 13. a3 dxe4 14. dxe4 c4 15. Bf1 b5 16. b3 cxb3 17. Bxb5 Rc8 18. Ba4 Bxh3 19. Qxb3 Nd7 20. Qc2 Nd4 21. Qd1 Rxc3 22. Nxd4 exd4 23. Bb2 Rc8 24. Nb3 Re7 25. Bxd4 Bxd4 26. Nxd4 Ne5 27. Kh1 Bg4 28. Qd2 Rc4 29. Kg1 Rc8 30. Qd1 Bh3 31. Re3 Bg4 32. f3 Qb6 33. fxg4 Rd8 0-1

[Event "28th Hit Open-A 2024"]
[Site "Nova Gorica"]
[Date "2024.01.31"]
[Round "7.11"]
[White "Davies, Nigel R"]
[Black "Kozlovic, Jernej"]
[Result "0-1"]
[ECO "A11"]
[WhiteElo "2349"]
[BlackElo "2174"]
[Annotator "RC"]
[PlyCount "74"]
[EventDate "2024.01.22"]
[EventType "swiss"]
[EventCountry "SLO"]
[SourceTitle "playchess.com"]
[Source "ChessBase"]
[SourceQuality "1"]
[TimeControl "5400+30"]

1. Nf3 d5 2. g3 Bg4 3. Bg2 e6 4. O-O Nf6 5. c4 c6 6. d3 dxc4 7. dxc4 Qxd1 8. Rxd1 Nbd7 9. Nc3 O-O-O 10. Be3 Bxf3 11. exf3 Bc5 12. a3 Bxe3 13. fxe3 Nc5 14. Bf1 Nb3 15. Rxd8+ Rxd8 16. Rd1 Rxd1 17. Nxd1 Nd7 18. Kf2 Nd2 19. Be2 Ne5 20. f4 Nexc4 21. Ke1 b5 22. Nc3 Kc7 23. Kd1 a5 24. a4 Kb6 25. Kc2 Nf1 26. e4 Nxh2 27. axb5 cxb5 28. Nxb5 Kxb5 29. b3 Kb4 30. bxc4 f5 31. e5 g6 32. c5 Kxc5 33. Kb3 h6 34. Ka4 g5 35. Kxa5 gxf4 36. gxf4 Ng4 37. Ka6 Ne3 0-1

[Event "28th Hit Open-A 2024"]
[Site "Nova Gorica"]
[Date "2024.01.31"]
[Round "7.12"]
[White "Siraj, Svit"]
[Black "Lavrencic, Matic"]
[Result "1/2-1/2"]
[ECO "B51"]
[WhiteElo "2182"]
[BlackElo "2299"]
[Annotator "NA RC"]
[PlyCount "56"]
[EventDate "2024.01.22"]
[EventType "swiss"]
[EventCountry "SLO"]
[SourceTitle "playchess.com"]
[Source "ChessBase"]
[SourceQuality "1"]
[TimeControl "5400+30"]

1. e4 c5 2. Nf3 d6 3. Bb5+ Nd7 4. d4 cxd4 5. Qxd4 a6 $11 6. Bxd7+ Qxd7 7. O-O e5 8. Qd3 Qc6 9. c4 Be6 10. b3 b5 11. cxb5 Qxb5 12. Qe3 Nf6 13. Nc3 Qb4 14. Bd2 Qb7 15. Ng5 Bd7 16. f4 Qa7 17. Qxa7 Rxa7 18. Nf3 exf4 19. Bxf4 Be6 20. Rad1 Rc7 21. Rc1 Be7 22. Nd5 Rxc1 23. Nxf6+ gxf6 24. Rxc1 Kd7 25. Nd4 Rb8 26. Nc6 Rc8 27. Nxe7 Rxc1+ 28. Bxc1 Kxe7 1/2-1/2

[Event "28th Hit Open-A 2024"]
[Site "Nova Gorica"]
[Date "2024.01.31"]
[Round "7.13"]
[White "Belyaletdinov, Leonard"]
[Black "Perossa, Nicolas"]
[Result "0-1"]
[ECO "A48"]
[WhiteElo "1581"]
[BlackElo "2277"]
[Annotator "NA RC"]
[PlyCount "64"]
[EventDate "2024.01.22"]
[EventType "swiss"]
[EventCountry "SLO"]
[SourceTitle "playchess.com"]
[Source "ChessBase"]
[SourceQuality "1"]
[TimeControl "5400+30"]

1. d4 Nf6 2. Nf3 g6 3. Bg5 Bg7 4. e3 h6 5. Bh4 d6 6. Bd3 Nbd7 7. c4 O-O 8. Nc3 e5 9. O-O c6 10. Bg3 Nh5 11. Bh4 Nhf6 12. Bg3 Qe8 13. Nd2 Nh5 14. d5 f5 15. h3 Nxg3 16. fxg3 e4 17. Be2 Qe5 18. g4 Qg3 19. gxf5 Be5 20. Ncxe4 Qh2+ 21. Kf2 gxf5 22. Ke1 fxe4 23. Nxe4 Qxg2 24. Bf3 Qxb2 25. Rc1 Nc5 26. Rg1+ Kh8 27. Rc2 Qb4+ 28. Nd2 Bf5 29. e4 Bd4 30. Rg3 Bxe4 31. a3 Rae8 32. axb4 Bxf3+ 0-1

[Event "28th Hit Open-A 2024"]
[Site "Nova Gorica"]
[Date "2024.01.31"]
[Round "7.14"]
[White "Drazic, Sinisa"]
[Black "Szegedy, Matyas"]
[Result "1/2-1/2"]
[ECO "B15"]
[WhiteElo "2270"]
[BlackElo "2129"]
[Annotator "RC"]
[PlyCount "136"]
[EventDate "2024.01.22"]
[EventType "swiss"]
[EventCountry "SLO"]
[SourceTitle "playchess.com"]
[Source "ChessBase"]
[SourceQuality "1"]
[TimeControl "5400+30"]

1. e4 c6 2. d4 d5 3. f3 g6 4. Nc3 Bg7 5. Be3 Qb6 6. a3 dxe4 7. fxe4 e5 8. Nf3 Nd7 9. Bc4 Ngf6 10. h3 O-O 11. O-O Ne8 12. Qd2 exd4 13. Nxd4 Ne5 14. Bb3 Qc7 15. Rad1 b6 16. Nf3 Ba6 17. Nxe5 Bxe5 18. Rf3 Nd6 19. Bh6 Rfe8 20. Qf2 Bc4 21. Bf4 Bxb3 22. cxb3 Bxf4 23. Rxf4 Re6 24. Rf1 Rae8 25. Qg3 R8e7 26. Rf6 Ne8 27. Rxe6 Rxe6 28. Qg5 Qe7 29. Qf4 Nd6 30. Re1 Re5 31. Re2 Kg7 32. Qf3 h5 33. Qd3 Kh7 34. b4 b5 35. b3 Re6 36. Qd4 Qg5 37. Re1 Qg3 38. Re3 Nf5 39. Rxg3 Nxd4 40. Rd3 Nxb3 41. Rd7 Kg7 42. Rxa7 Nd2 43. Rc7 Nc4 44. a4 bxa4 45. Nxa4 Rd6 46. Nc5 Ne5 47. Rb7 Rd2 48. b5 cxb5 49. Rxb5 Kf6 50. Rb3 h4 51. Rc3 Kg5 52. Rc1 Rb2 53. Rc3 Rd2 54. Rc1 Kf4 55. Rc3 Rd1+ 56. Kf2 Rd2+ 57. Kf1 Ra2 58. Kg1 g5 59. Kf1 Ra1+ 60. Ke2 g4 61. hxg4 Kxg4 62. Kf2 Ng6 63. Nd3 Ra2+ 64. Kf1 Ra1+ 65. Kf2 Ra2+ 66. Kg1 Ra1+ 67. Kh2 Ra2 68. Kg1 Ra1+ 1/2-1/2

[Event "28th Hit Open-A 2024"]
[Site "Nova Gorica"]
[Date "2024.01.31"]
[Round "7.15"]
[White "Djuric, Stefan"]
[Black "Centrih, Aleks"]
[Result "1-0"]
[ECO "D02"]
[WhiteElo "2220"]
[BlackElo "2082"]
[Annotator "RC"]
[PlyCount "91"]
[EventDate "2024.01.22"]
[EventType "swiss"]
[EventCountry "SLO"]
[SourceTitle "playchess.com"]
[Source "ChessBase"]
[SourceQuality "1"]
[TimeControl "5400+30"]

1. d4 d5 2. Nf3 Nf6 3. Bf4 c5 4. e3 Nc6 5. c3 Qb6 6. Qc1 Bf5 7. Be2 e6 8. O-O Be7 9. Nbd2 h6 10. dxc5 Bxc5 11. Nd4 Bxd4 12. exd4 O-O 13. h3 Rac8 14. Nf3 Qd8 15. Qe3 Ne4 16. Ne5 Nxe5 17. dxe5 Nc5 18. Rad1 Qb6 19. Rd2 Ne4 20. Qxb6 axb6 21. Rd4 Nc5 22. Rfd1 Ra8 23. a3 Ra4 24. Be3 Rfa8 25. Rb4 Rxb4 26. cxb4 Nd7 27. f4 Rc8 28. Bb5 Nb8 29. Rd2 Nc6 30. Bxb6 g5 31. Be3 gxf4 32. Bxf4 Kh7 33. Bf1 Be4 34. Kf2 Ne7 35. Be3 Nf5 36. Bc5 h5 37. a4 Rg8 38. a5 Rg3 39. b5 Rg8 40. a6 bxa6 41. bxa6 Ng3 42. b4 d4 43. Rxd4 Bd5 44. Bd3+ Kh6 45. Rxd5 exd5 46. Be3+ 1-0

[Event "28th Hit Open-A 2024"]
[Site "Nova Gorica"]
[Date "2024.01.31"]
[Round "7.16"]
[White "Gregoric, Andraz"]
[Black "Orsatti, Marcello"]
[Result "1-0"]
[ECO "B40"]
[WhiteElo "2217"]
[BlackElo "1918"]
[Annotator "RC"]
[PlyCount "113"]
[EventDate "2024.01.22"]
[EventType "swiss"]
[EventCountry "SLO"]
[SourceTitle "playchess.com"]
[Source "ChessBase"]
[SourceQuality "1"]
[TimeControl "5400+30"]

1. e4 c5 2. Nf3 e6 3. b3 d5 4. exd5 exd5 5. Bb2 Nf6 6. Bb5+ Nc6 7. Qe2+ Be7 8. Bxf6 gxf6 9. Nc3 Be6 10. O-O Qd7 11. d4 a6 12. Bxc6 Qxc6 13. dxc5 Bxc5 14. Na4 Ba7 15. Rad1 O-O-O 16. c3 Rhg8 17. Rfe1 Bg4 18. Rd3 Bf5 19. Nd4 Bxd3 20. Nxc6 Bxe2 21. Ne7+ Kd7 22. Nxg8 Rxg8 23. Rxe2 Rc8 24. Rd2 Ke6 25. Rd3 d4 26. c4 b5 27. Nb2 Rc5 28. Kf1 Rh5 29. h3 Rf5 30. Rd2 Bb6 31. Ke2 h5 32. h4 Ba5 33. Rxd4 Re5+ 34. Kd3 Bb6 35. Rf4 Re1 36. cxb5 axb5 37. a4 Rb1 38. Kc2 Re1 39. Nd3 Rg1 40. g3 bxa4 41. Rxa4 Bc7 42. b4 Rg2 43. Kb3 Rg1 44. b5 Rb1+ 45. Kc4 Bd6 46. Ra2 Kd7 47. Rb2 Ra1 48. Rb3 Ra2 49. Kd4 Kc7 50. Ke4 Kb6 51. Kf3 Ra4 52. Nc1 Ra3 53. Rxa3 Bxa3 54. Nd3 Kxb5 55. Nf4 Kc5 56. Nxh5 f5 57. Kf4 1-0

[Event "28th Hit Open-A 2024"]
[Site "Nova Gorica"]
[Date "2024.01.31"]
[Round "7.17"]
[White "Zupancic, Jernej"]
[Black "Rigatti, Giorgio"]
[Result "1-0"]
[ECO "E60"]
[WhiteElo "2211"]
[BlackElo "1749"]
[Annotator "NA RC"]
[PlyCount "81"]
[EventDate "2024.01.22"]
[EventType "swiss"]
[EventCountry "SLO"]
[SourceTitle "playchess.com"]
[Source "ChessBase"]
[SourceQuality "1"]
[TimeControl "5400+30"]

1. d4 Nf6 2. c4 g6 3. h4 b6 4. Nc3 Bb7 5. d5 Na6 6. e4 e5 7. f3 Bb4 8. Qc2 Qe7 9. a3 Bxc3+ 10. Qxc3 c5 11. Bd3 d6 12. Ne2 Nd7 13. Bh6 Nc7 14. Qd2 a6 15. Nc3 O-O-O 16. b4 Rdg8 17. Rb1 Na8 18. Bc2 Qd8 19. Ba4 cxb4 20. axb4 Qc7 21. Be3 Kd8 22. Bxd7 Kxd7 23. c5 Ke7 24. c6 Bc8 25. b5 f5 26. bxa6 f4 27. Bf2 g5 28. hxg5 Kf7 29. Nb5 Qe7 30. Qb4 Rd8 31. g6+ hxg6 32. Rxh8 Rxh8 33. Nxd6+ Kf6 34. Nxc8 Rxc8 35. Qxe7+ Kxe7 36. Bxb6 Rh8 37. Kf2 g5 38. a7 g4 39. fxg4 f3 40. Kxf3 Kd6 41. Ba5 1-0

[Event "28th Hit Open-A 2024"]
[Site "Nova Gorica"]
[Date "2024.01.31"]
[Round "7.18"]
[White "Bazilius, Augustinas"]
[Black "Marchesich, Giovanni"]
[Result "1/2-1/2"]
[ECO "E90"]
[WhiteElo "2030"]
[BlackElo "2210"]
[Annotator "RC"]
[PlyCount "28"]
[EventDate "2024.01.22"]
[EventType "swiss"]
[EventCountry "SLO"]
[SourceTitle "playchess.com"]
[Source "ChessBase"]
[SourceQuality "1"]
[TimeControl "5400+30"]

1. Nf3 Nf6 2. d4 g6 3. c4 Bg7 4. Nc3 O-O 5. e4 d6 6. Bd3 Nc6 7. d5 Nb4 8. Be2 e6 9. dxe6 Bxe6 10. Nd4 Bd7 11. O-O Re8 12. f3 Nc6 13. Be3 Nh5 14. f4 Qh4 1/2-1/2

[Event "28th Hit Open-A 2024"]
[Site "Nova Gorica"]
[Date "2024.01.31"]
[Round "7.19"]
[White "Privitera, Franco"]
[Black "Trybus, Daniel"]
[Result "1-0"]
[ECO "A44"]
[WhiteElo "1919"]
[BlackElo "2039"]
[Annotator "NA RC"]
[PlyCount "73"]
[EventDate "2024.01.22"]
[EventType "swiss"]
[EventCountry "SLO"]
[SourceTitle "playchess.com"]
[Source "ChessBase"]
[SourceQuality "1"]
[TimeControl "5400+30"]

1. c4 g6 2. Nc3 Bg7 3. d4 c5 4. d5 e5 5. e4 d6 6. Be2 h5 7. Nf3 Bh6 8. O-O a6 9. a3 Nd7 10. b4 Bxc1 11. Rxc1 Ngf6 12. Ne1 a5 13. Nd3 axb4 14. axb4 cxb4 15. Nxb4 Nc5 16. Bf3 Bd7 17. Nd3 b6 18. Nxc5 bxc5 19. Qd2 O-O 20. Be2 Kg7 21. f4 exf4 22. Qxf4 Qe7 23. Qg5 Rfe8 24. Bf3 Ra3 25. Rfe1 Rb3 26. h3 Qe5 27. Qxe5 Rxe5 28. Nd1 Rb4 29. Nf2 Rb3 30. Rb1 Ba4 31. Ra1 Bd7 32. Ra6 Ne8 33. Ra7 Nf6 34. Rea1 g5 35. Bxh5 Kf8 36. Bf3 Ke7 37. Ng4 1-0

[Event "28th Hit Open-A 2024"]
[Site "Nova Gorica"]
[Date "2024.01.31"]
[Round "7.20"]
[White "Hrescak, Ivana"]
[Black "Jalovec, Igor"]
[Result "1/2-1/2"]
[ECO "A07"]
[WhiteElo "2117"]
[BlackElo "1703"]
[Annotator "NA RC"]
[PlyCount "110"]
[EventDate "2024.01.22"]
[EventType "swiss"]
[EventCountry "SLO"]
[SourceTitle "playchess.com"]
[Source "ChessBase"]
[SourceQuality "1"]
[TimeControl "5400+30"]

1. Nf3 Nf6 2. g3 d5 3. Bg2 g6 4. d3 Bg7 5. O-O O-O 6. Nbd2 Nbd7 7. e4 Nb6 8. e5 Nfd7 9. d4 c5 10. c3 cxd4 11. cxd4 Nb8 12. a3 Nc6 13. b4 Bf5 14. Nb3 Nc4 15. Nh4 Bc8 16. Qf3 e6 17. Qd3 b6 18. b5 Ne7 19. Nd2 a6 20. Nxc4 dxc4 21. Qxc4 axb5 22. Qb3 Ra7 23. Bb2 g5 24. Nf3 Nd5 25. Nd2 Ba6 26. Rfe1 Qd7 27. Qf3 Bb7 28. Qg4 Qe7 29. Ne4 h6 30. Bf1 b4 31. axb4 Ra6 32. Ra3 Rxa3 33. Ra1 Qxb4 34. Bxa3 Qa4 35. Qd1 Qxd1 36. Rxd1 Ra8 37. Bd6 Ne3 38. Nf6+ Bxf6 39. fxe3 Bd8 40. Bc4 Ba6 41. Bxa6 Rxa6 42. Rc1 Ra8 43. g4 b5 44. Rc5 b4 45. Rb5 Ra1+ 46. Kg2 Ra2+ 47. Kg3 Ba5 48. Bxb4 Bxb4 49. Rxb4 Re2 50. Rb3 Kg7 51. h3 Kg6 52. Ra3 Kg7 53. Kf3 Rh2 54. Kg3 Re2 55. Rc3 Kg6 1/2-1/2